 Dungeon Crawl Stone Soup version 0.28.0-45-g0d030f2227 (webtiles) character file.

Game seed: 14707122959956737070

232 GigaChad the Slasher (level 5, 0/45 HPs)
             Began as a Minotaur Gladiator on Apr 12, 2022.
             Was a Believer of Trog.
             Slain by an orc
             ... wielding a +0 club
              (2 damage)
             ... on level 4 of the Dungeon.
             The game lasted 00:08:11 (2082 turns).

GigaChad the Slasher (Minotaur Gladiator)           Turns: 2082, Time: 00:08:11

Health: 0/45       AC:  3    Str: 18    XL:     5   Next: 73%
Magic:  4/4        EV: 13    Int:  5    God:    Trog [**....]
Gold:   129        SH:  0    Dex: 14    Spells: 4/4 levels left

rFire   . . .      SeeInvis .   n - +0 scythe
rCold   . . .      Faith    .   (shield currently unavailable)
rNeg    . . .      Spirit   .   b - +0 leather armour
rPois   .          Reflect  .   c - +0 hat
rElec   .          Harm     .   (no cloak)
rCorr   .          Rampage  .   (no gloves)
Will    .....                   (no boots)
Stlth   +.........              (no amulet)
HPRegen 0.15/turn               (no ring)
MPRegen 0.09/turn               (no ring)

@: no status effects
A: horns 2, retaliatory headbutt
a: Renounce Religion, Berserk, Trog's Hand


You were on level 4 of the Dungeon.
You worshipped Trog.
Trog was pleased with you.
You visited 1 branch of the dungeon, and saw 4 of its levels.

You collected 129 gold pieces.

Inventory:

Hand Weapons
 a - a +0 long sword
 n - a +0 scythe (weapon)
Missiles
 d - 3 throwing nets (quivered)
 l - 11 arrows
 o - 3 poisoned darts
Armour
 b - a +0 leather armour (worn)
 c - a +0 hat (worn)
 f - a +2 pair of gloves
 m - a +0 chain mail
Jewellery
 j - a ring of willpower
Scrolls
 e - a scroll of magic mapping {unknown}
 k - a scroll of fog {unknown}
Potions
 g - a potion of attraction {unknown}
 h - 2 potions of curing {unknown}
 i - a potion of degeneration {unknown}


   Skills:
 + Level 3.5 Fighting
 + Level 5.8 Long Blades
 + Level 2.1 Throwing
 + Level 2.6 Armour
 + Level 4.3 Dodging
 + Level 0.3 Stealth


You had 4 spell levels left.
You didn't know any spells.
Your spell library contained the following spells:

 Spells                   Type           Power      Damage    Failure   Level
 Ozocubu's Armour         Ice            0%         N/A       88%         3
 Ozocubu's Refrigeration  Ice            0%         4d5       100%        7


Dungeon Overview and Level Annotations

Branches:
Dungeon (4/15)
 Temple: D:4-7

Altars:
Elyvilon
Kikubaaqudgha
Trog

Shops:
D:3 *


Innate Abilities, Weirdness & Mutations

You have a pair of horns on your head.
You reflexively headbutt those who attack you in melee.


Message History

The orc shouts!
The orc throws a boomerang.
The boomerang barely misses you. The orc hits you but does no damage.
The orc hits you with a +0 war axe. The orc barely misses you.
You closely miss the orc. The orc closely misses you. x2
The orc hits you with a +0 club. The orc barely misses you.
The orc hits you with a +0 flail.
You hit the orc.
The orc is almost dead.
The orc barely misses you. The orc hits you but does no damage.
The orc hits you with a +0 flail. The orc misses you. x2
The orc barely misses you.
You slash the orc!
You kill the orc!
Trog accepts your kill. The orc closely misses you.
The orc hits you with a +0 war axe. The orc closely misses you.
You furiously retaliate!
You headbutt the orc!
You kill the orc!
Trog accepts your kill.
You barely miss the orc. You headbutt the orc.
The orc is severely wounded.
The orc hits you but does no damage. The orc hits you with a +0 war axe.
The orc misses you. The orc closely misses you.
You closely miss the orc. The orc hits you with a +0 war axe.
The orc misses you. The orc hits you with a +0 club. The orc barely misses you.
The orc hits you with a +0 whip. The orc hits you with a +0 club.
* * * LOW HITPOINT WARNING * * *
You barely miss the orc. Your headbutt misses the orc.
The orc barely misses you. The orc closely misses you. The orc misses you.
The orc hits you with a +0 war axe!
* * * LOW HITPOINT WARNING * * *
The orc hits you with a +0 whip.
* * * LOW HITPOINT WARNING * * *
The orc barely misses you. You furiously retaliate!
You headbutt the orc, but do no damage. You hit the orc.
You kill the orc!
Trog accepts your kill. The orc misses you. The orc hits you with a +0 club.
You die...

.........#
....(.._.###
...........#
.....♣.....####
...............
#._...$.......
#.....))......
#...oo# ##..)@#
#....# ##...#
#...# ###...#
#...>.# #.###.#
#. #.# . #.#


You could see 2 orcs.

Vanquished Creatures
  Sigmund (D:3)
  A river rat (D:3)
  2 adders
  2 dart slugs
  3 orcs (D:4)
  5 bats
  3 endoplasms
  3 hobgoblins
  3 jackals (D:3)
  5 quokkas
  5 ball pythons
  3 frilled lizards
  4 goblins
  4 kobolds
  5 rats
49 creatures vanquished.

Vanquished Creatures (others)
  A plant (D:3)
  A withered plant (D:1)
2 creatures vanquished.

Grand Total: 51 creatures vanquished

Notes
Turn   | Place    | Note
-------+----------+-------------------------------------------
     0 | D:1      | GigaChad the Minotaur Gladiator began the quest for the
                  | Orb.
     0 | D:1      | Reached XP level 1. HP: 18/18 MP: 0/0
   217 | D:1      | Found a faded altar of an unknown god.
   257 | D:1      | Reached XP level 2. HP: 13/25 MP: 1/1
   267 | D:1      | Prayed at the altar of an unknown god.
   267 | D:1      | Became a worshipper of Trog the Wrathful
   267 | D:1      | Reached * piety under Trog
   427 | D:1      | Reached skill level 4 in Long Blades
   820 | D:2      | Reached XP level 3. HP: 30/30 MP: 2/2
   876 | D:2      | Reached ** piety under Trog
  1067 | D:3      | Reached skill level 1 in Armour
  1282 | D:3      | Found Caparphowoe's Assorted Antiques.
  1300 | D:3      | Reached XP level 4. HP: 12/37 MP: 3/3
  1917 | D:3      | Noticed Sigmund
  1922 | D:3      | Killed Sigmund
  1923 | D:3      | Reached skill level 5 in Long Blades
  1923 | D:3      | Reached XP level 5. HP: 43/45 MP: 4/4
  2065 | D:4      | Found a white marble altar of Elyvilon.
  2072 | D:4      | Found an ancient bone altar of Kikubaaqudgha.
  2081 | D:4      | HP: 2/45 [orc/+0 whip (3)]
  2082 | D:4      | Slain by an orc

Illustrated notes

Levels and vault maps discovered:
D:1:      dpeg_arrival_water_temple_mockup, layout_basic,
          ebering_ecumenical_altar_petrified, minmay_misc_feat_plants,
          chequers_serial_rivers_micro_d, minmay_misc_feat_nine_boxes,
          chequers_avenue
D:2:      layout_loops_corners, minmay_tetromino_o4
D:3:      layout_loops_corners, gup_sewer_entry_bowl, serial_shops,
          nicolae_shop_overgrown_old_shop, uniq_sigmund
D:4:      layout_basic, grunt_temple_overflow_open

Skill      XL: |  1  2  3  4 |
---------------+-------------+-----
Long Blades    | 4 5 |  5.8
Dodging        | 4 |  4.3
Armour         | 1 2 |  2.6
Fighting       | 3 |  3.5
Throwing       | |  2.1
Stealth        | |  0.3

Action                   |  1- 3 |  4- 6 || total
-------------------------+-------+-------++-------
Melee: Long sword        |    66 |     5 ||    71
       Headbutt          |    12 |     2 ||    14
       Punch             |     1 |     1 ||     2
       Scythe            |       |     9 ||     9
Armor: Leather armour    |    20 |     4 ||    24
Dodge: Dodged            |    69 |    26 ||    95
